 Dungeon Crawl Stone Soup version 0.28.0-53-g5a82cb258f (webtiles) character file.

Game seed: 11675268350195480286

6489 Gabide the Grappler (level 11, -1/101 HPs)
             Began as a Ghoul Berserker on June 3, 2022.
             Was a High Priest of Trog.
             Slain by a wyvern (11 damage)
             ... on level 10 of the Dungeon.
             The game lasted 00:12:18 (10759 turns).

Gabide the Grappler (Ghoul Berserker)              Turns: 10759, Time: 00:12:19

Health: -1/101     AC: 14    Str: 25    XL:     11   Next: 0%
Magic:  0/10       EV: 13    Int:  3    God:    Trog [*****.]
Gold:   298        SH:  0    Dex:  8    Spells: 10/10 levels left

rFire   . . .      SeeInvis .     - Unarmed
rCold   + . .      Faith    .   (no shield)
rNeg    + + +      Spirit   +   b - +0 ring mail
rPois   ∞          Reflect  .   G - +2 helmet
rElec   .          Harm     .   p - +0 cloak
rCorr   .          Rampage  .   (no gloves)
Will    ++...                   h - +0 pair of boots
Stlth   ..........              d - amulet of guardian spirit
HPRegen 1.00/turn               J - +4 ring of protection
MPRegen 0.12/turn               (no ring)

@: strong-willed (expiring), regenerating (expiring)
A: claws 1, cold resistance 1, negative energy resistance 3, inhibited
regeneration, torment resistance 2
a: Renounce Religion, Trog's Hand, Brothers in Arms


You were on level 10 of the Dungeon.
You worshipped Trog.
Trog was extremely pleased with you.
You visited 1 branch of the dungeon, and saw 10 of its levels.

You collected 449 gold pieces.
You spent 151 gold pieces at shops.

Inventory:

Hand Weapons
 O - a +0 triple crossbow
Missiles
 i - 18 poisoned darts (quivered)
 C - 3 atropa-tipped darts
 H - 9 javelins
 L - 2 throwing nets
 M - a curare-tipped dart
Armour
 b - a +0 ring mail (worn)
 h - a +0 pair of boots (worn)
 p - a +0 cloak (worn)
 G - a +2 helmet (worn)
Jewellery
 a - a ring of ice
 d - an amulet of guardian spirit (around neck)
 f - a ring of ice
 J - a +4 ring of protection (left claw)
Wands
 r - a wand of polymorph (10)
 y - a wand of digging (3)
 E - a wand of iceblast (7)
 N - a wand of charming (7)
Scrolls
 l - a scroll of magic mapping
 m - a scroll of vulnerability {unknown}
 q - a scroll of silence {unknown}
 s - 3 scrolls of amnesia
 u - a scroll of fog
 w - 3 scrolls of blinking
 x - a scroll of noise
 z - a scroll of enchant weapon {unknown}
 A - a scroll of fear {unknown}
 B - a scroll of torment {unknown}
 F - 3 scrolls of teleportation
 I - a scroll of brand weapon {unknown}
 K - a scroll of summoning {unknown}
Potions
 c - a potion of attraction {unknown}
 e - 2 potions of brilliance {unknown}
 g - 2 potions of heal wounds
 j - 2 potions of flight
 k - 2 potions of curing {unknown}
 n - 3 potions of mutation {unknown}
 o - a potion of haste {unknown}
 t - a potion of lignification {unknown}
 v - a potion of invisibility {unknown}
 D - a potion of degeneration {unknown}


   Skills:
 + Level 10.9 Fighting
 - Level 1.7 Armour
 + Level 8.9 Dodging
 + Level 10.9 Unarmed Combat


You had 10 spell levels left.
You didn't know any spells.
Your spell library was empty.

Dungeon Overview and Level Annotations

Branches:
Dungeon (10/15)            Temple (0/1) D:5            Lair (0/6) D:9
    Orc: D:9-12

Altars:
Ashenzari
Kikubaaqudgha
Makhleb
Qazlal
Trog
Uskayaw
Vehumet
Zin
The Shining One

Shops:
D:5 (   D:6 *   D:9 !

Annotations:
D:5 2 transporters, Dreadrock's ghost, novice MiFi


Innate Abilities, Weirdness & Mutations

You thrive by killing the living.
You are immune to poison.
You have sharp fingernails.
Your flesh is cold resistant. (rC+)
You are immune to negative energy. (rN+++)
You do not regenerate when monsters are visible.
You are immune to unholy pain and torment.


Message History

* * * LOW HITPOINT WARNING * * *
The manticore barely misses you. The manticore misses you.
You scratch the manticore but do no damage.
The manticore is almost dead.
The manticore barely misses you. x2; The manticore closely misses you.
You claw the manticore!
You kill the manticore!
Trog accepts your kill.
You feel better.
You closely miss the acid dragon.
A wyvern comes into view.
You barely miss the acid dragon.
You feel the effects of Trog's Hand fading.
The wyvern hisses angrily.
The acid dragon bites you!
* * * LOW HITPOINT WARNING * * *
The acid dragon claws you but does no damage.
You scratch the acid dragon.
The acid dragon is lightly wounded.
You carefully extract the barbed spikes from your body.
The acid dragon bites you.
* * * LOW HITPOINT WARNING * * *
The acid dragon closely misses you.
You mangle the acid dragon!!
The acid dragon is almost dead.
The wyvern hisses menacingly.
The acid dragon spits acid at you. The splash of acid misses you.
You hear a roar!
You hear a howl!
You hear a bellow!
You hear a howl!
You hear a shout!
You claw the acid dragon!
You kill the acid dragon!
Trog accepts your kill.
You have reached level 11!
You barely miss the wyvern. The wyvern bites you!
* * * LOW HITPOINT WARNING * * *
You barely miss the wyvern. The wyvern bites you!
* * * LOW HITPOINT WARNING * * *
The wyvern bites you!
You die...

#........# #........#
#........# .........#
...H.....# .....(...#
.......((# #l# ###@#
#...# ##.######
######## #.....#.#
###.......
#.###.#.####.'.......
...#.#.).##...#.......
###.#.###.##.###.......
#.#.....##.# #..>....
#.###.###..# #....[..


You could see a wyvern.

Vanquished Creatures
  A two-headed ogre (D:10)
  A manticore (D:10)
  A troll (D:10)
  A hornet (D:7)
  Sigmund (D:4)
  A wyvern (D:9)
  2 wargs (D:9)
  An acid dragon (D:10)
  3 water moccasins
  4 orc warriors
  2 ice beasts
  A sky beast (D:7)
  2 black bears (D:9)
  2 ogres (D:5)
  A necrophage (D:5)
  A hornet zombie (D:5)
  4 centaurs
  A phantom (D:4)
  Blork the orc (D:4)
  4 kobold brigands
  4 bullfrogs
  A scorpion (D:6)
  2 wyvern zombies
  2 water moccasin skeletons
  11 killer bees (D:9)
  2 howler monkeys (D:8)
  4 wights
  An electric eel (D:6)
  A centaur zombie (D:7)
  2 jellies
  A centaur skeleton (D:5)
  5 orc priests
  A gnoll shaman (D:9)
  A hound (D:4)
  A bullfrog skeleton (D:3)
  Natasha (thrice) (D:4)
  3 iguanas
  5 orc wizards
  A scorpion zombie (D:5)
  A hound skeleton (D:4)
  A howler monkey zombie (D:7)
  6 gnolls
  2 howler monkey skeletons
  5 adders
  3 white imps
  An ufetubus (D:6)
  An adder zombie (D:5)
  A worm (D:2)
  A dart slug (D:2)
  23 orcs
  7 bats
  7 endoplasms
  A giant cockroach (D:4)
  9 hobgoblins
  12 jackals (D:1)
  26 kobolds
  5 quokkas
  12 ball pythons
  3 frilled lizards
  6 goblins
  9 rats
  A spectral hobgoblin (D:2)
229 creatures vanquished.

Vanquished Creatures (others)
  A plant (D:5)
  A withered plant (D:6)
2 creatures vanquished.

Grand Total: 231 creatures vanquished

Notes
Turn   | Place    | Note
-------+----------+-------------------------------------------
     0 | D:1      | Gabide the Ghoul Berserker began the quest for the Orb.
     0 | D:1      | Reached XP level 1. HP: 19/19 MP: 0/0
    61 | D:1      | Reached XP level 2. HP: 18/26 MP: 1/1
   529 | D:1      | Reached XP level 3. HP: 30/33 MP: 2/2
   657 | D:1      | Reached ** piety under Trog
  1129 | D:2      | Reached XP level 4. HP: 40/40 MP: 3/3
  1559 | D:2      | Found a faded altar of an unknown god.
  2316 | D:3      | Reached *** piety under Trog
  2358 | D:3      | Reached XP level 5. HP: 36/47 MP: 2/4
  2727 | D:3      | Found a broken altar of Ashenzari.
  3017 | D:4      | Noticed Blork the orc
  3030 | D:4      | Killed Blork the orc
  3031 | D:4      | Reached XP level 6. HP: 42/55 MP: 3/5
  3169 | D:4      | Noticed Natasha
  3176 | D:4      | Killed Natasha
  3177 | D:4      | Reached skill level 5 in Fighting
  3177 | D:4      | Reached skill level 5 in Unarmed Combat
  3279 | D:4      | Noticed Natasha
  3285 | D:4      | Killed Natasha
  3419 | D:4      | Noticed Sigmund
  3445 | D:4      | Killed Sigmund
  3446 | D:4      | Reached XP level 7. HP: 41/61 MP: 4/6
  4477 | D:4      | Noticed Natasha
  4482 | D:4      | Killed Natasha
  4503 | D:5      | Entered Level 5 of the Dungeon
  4629 | D:5      | Found a transporter.
  4634 | D:5      | Found a transporter.
  4635 | D:5      | Noticed Dreadrock's ghost (novice MiFi)
  4726 | D:5      | Reached XP level 8. HP: 22/71 MP: 1/7
  5025 | D:5      | Found a staircase to the Ecumenical Temple.
  5116 | D:5      | Reached skill level 5 in Dodging
  5164 | D:5      | Found Geratuani's Weapon Emporium.
  5305 | D:5      | Bought 3 atropa-tipped darts for 23 gold pieces
  6203 | D:6      | Found an ancient bone altar of Kikubaaqudgha.
  6226 | D:6      | Found Bipyixko's Assorted Antiques.
  6234 | D:6      | Bought a fuming emerald potion for 30 gold pieces
  6234 | D:6      | Bought a scroll labelled GIUT ODOHETROK for 34 gold pieces
  6234 | D:6      | Bought a purple potion for 30 gold pieces
  6234 | D:6      | Bought a scroll labelled CEASYRO YLLABA for 34 gold pieces
  6415 | D:6      | Reached XP level 9. HP: 81/81 MP: 6/8
  6472 | D:6      | Found a hide-covered altar of Uskayaw.
  6627 | D:7      | Reached **** piety under Trog
  6694 | D:7      | Noticed a hornet
  6708 | D:7      | Killed a hornet
  7645 | D:8      | Found a burning altar of Makhleb.
  7646 | D:8      | Noticed an Executioner
  7646 | D:8      | Noticed an angel
  8022 | D:8      | Reached XP level 10. HP: 91/91 MP: 7/9
  8230 | D:8      | Found a stormy altar of Qazlal.
  9174 | D:9      | Found a staircase to the Lair.
  9443 | D:9      | Reached skill level 10 in Unarmed Combat
  9637 | D:9      | Found a bloodstained altar of Trog.
  9663 | D:9      | Found a radiant altar of Vehumet.
  9716 | D:9      | Reached skill level 10 in Fighting
  9927 | D:9      | Found Foijuid's Distillery.
 10251 | D:9      | Reached ***** piety under Trog
 10544 | D:10     | Entered Level 10 of the Dungeon
 10601 | D:10     | Noticed a two-headed ogre
 10608 | D:10     | Killed a two-headed ogre
 10733 | D:10     | Noticed a manticore
 10752 | D:10     | Killed a manticore
 10758 | D:10     | Reached XP level 11. HP: 32/101 MP: 1/10
 10759 | D:10     | Slain by a wyvern

Illustrated notes

Levels and vault maps discovered:
D:1:      dpeg_arrival_long_road, layout_basic
D:2:      kennysheep_six_static_rooms, layout_basic,
          dreamdust_ecumenical_altar_drowned_temple
D:3:      layout_loops_ring, mainiacjoe_overflow_brackets, minivault_14,
          grunt_ministairs_2, uniq_crazy_yiuf_cottage
D:4:      layout_layer_cave, st_stairs_5, uniq_sigmund, uniq_blork_the_orc,
          uniq_natasha
D:5:      layout_gridville, minmay_temple_entry_wispy, gammafunk_ghost_hive,
          serial_shops, shop, hangedman_glass_teeth, grunt_ministairs_14,
          serial_bayou_crossing
D:6:      layout_basic, kiku_gazebo_garden_becter, nicolae_uskayaw_suspiria,
          serial_shops, shop_fountains, fountainhead
D:7:      layout_basic, general_overflow_altar, grunt_ministairs_14
D:8:      layout_basic, grunt_temple_overflow_order_and_chaos_2,
          nicolae_qazlal_eye_of_the_storm
D:9:      layout_stronghold, mainiacjoe_overflow_paths, trog_ov_bears_minmay,
          erik_lair_orcish_takeover, serial_column_ruins,
          column_ruins_hut_ruined, column_ruins_hut,
          column_ruins_columns_straight, column_ruins_grid_3,
          column_ruins_grid_1, column_ruins_open_small, serial_shops,
          shop_fountains, eino_jars
D:10:     layout_roguey, nicolae_sif_muna_condensation, enter_bailey_2,
          grunt_decor_mini_mirrors, minmay_alternating_orb

Skill      XL: |  1  2  3  4  5  6  7  8  9 10 |
---------------+-------------------------------+-----
Dodging        | 2 3 4 6 7 8 |  8.9
Fighting       | 4 5 6 7 9 10 | 10.9
Unarmed Combat | 4 5 6 7 9 10 | 10.9
Armour         | |  1.7

Action                   |  1- 3 |  4- 6 |  7- 9 | 10-12 || total
-------------------------+-------+-------+-------+-------++-------
Melee: Unarmed           |   124 |   163 |   392 |   213 ||   892
       Punch             |       |     5 |    21 |    10 ||    36
Throw: Stone             |       |    27 |       |       ||    27
       Dart              |       |     1 |     6 |     4 ||    11
       Javelin           |       |       |     3 |       ||     3
Invok: Trog's Hand       |       |     2 |     1 |     1 ||     4
  Use: Scroll            |       |     2 |     7 |     1 ||    10
Armor: Animal skin       |     7 |       |       |       ||     7
       Ring mail         |    25 |    58 |   189 |   107 ||   379
Dodge: Dodged            |    74 |    85 |   203 |   178 ||   540
